 Dungeon Crawl Stone Soup version 0.29.0-5-ge4962eb29e (webtiles) character file.

Game seed: 5420017937014778251

47 jt the Chopper (level 4, -1/38 HPs)
             Began as a Meteoran Delver on Aug 29, 2022.
             Killed from afar by Sigmund (20 damage)
             ... with a bolt of light
             ... on level 2 of the Dungeon.
             The game lasted 00:04:40 (793 turns).

jt the Chopper (Meteoran Delver)                     Turns: 793, Time: 00:04:40

Health: -1/38      AC:  6    Str: 16    XL:     4   Next: 17%
Magic:  5/5        EV:  8    Int: 11    God:
Gold:   73         SH:  8    Dex: 15    Spells: 3/3 levels left

rFire   . . .      SeeInvis .   a - +0 hand axe
rCold   . . .      Faith    .   s - +0 kite shield
rNeg    . . .      Spirit   .   q - +0 scale mail
rPois   .          Reflect  .   (no helmet)
rElec   .          Harm     .   (no cloak)
rCorr   .          Rampage  .   (no gloves)
Will    +....                   (no boots)
Stlth   +.........              (no amulet)
HPRegen 0.12/turn               h - ring of willpower
MPRegen 0.09/turn               (no ring)

@: glowing
A: sense surroundings 1, otherworldly, glowing, explore regen
a: no special abilities


You were on level 2 of the Dungeon.
You visited 1 branch of the dungeon, and saw 5 of its levels.

You collected 73 gold pieces.

Inventory:

Hand Weapons
 a - a +0 hand axe (weapon)
 e - a +0 sling
 r - a +0 whip
 t - a +0 flail
Missiles
 j - 2 stones (quivered)
 l - 8 poisoned darts
Armour
 b - a +0 leather armour
 m - a +0 ring mail
 q - a +0 scale mail (worn)
 s - a +0 kite shield (worn)
Jewellery
 h - a ring of willpower (left hand)
Wands
 g - a wand of digging (3)
Scrolls
 c - a scroll of fog
 d - a scroll of magic mapping
 o - a scroll of amnesia {unknown}
Potions
 f - a potion of ambrosia {unknown}
 i - 2 potions of brilliance
 k - a potion of haste
 n - a potion of invisibility {unknown}
 p - a potion of degeneration {unknown}
 u - a potion of might {unknown}


   Skills:
 - Level 3.2 Fighting
 + Level 4.5 Axes
 - Level 2.4 Dodging
 - Level 3.7 Stealth
 + Level 1.0 Shields


You had 3 spell levels left.
You didn't know any spells.
Your spell library was empty.

Dungeon Overview and Level Annotations

Branches:
Dungeon (5/15) Zot: 2214
 Temple: D:4-7

Altars:

Shops:
D:5 =

Annotations:
D:2 Sigmund
D:3 Natasha, Robin, Terence


Innate Abilities, Weirdness & Mutations

You passively map a small area around you.
You are easily found by Zot.
You glow in the dark.
You regain HP and MP as you explore.


Message History

There is a stone staircase leading up here.
A worm comes into view.
You hit the worm.
The worm is lightly wounded.
You block the worm's attack.
You slash the worm!
The worm is heavily wounded.
You hit the worm.
The worm is almost dead.
The worm barely misses you.
You hit the worm but do no damage.
The worm is almost dead.
The worm bites you but does no damage.
You hit the worm.
The worm is almost dead.
You hit the worm.
You kill the worm!
Your Shields skill increases to level 1!
You see here a worm corpse.
Found 7 gold pieces.
You now have 73 gold pieces (gained 7).
Found a stone staircase leading down.
Found a sling.
Sigmund the Dreaded comes into view.
He is wielding a +0 scythe and carrying a wand of light (3).
Sigmund shouts!
Sigmund zaps a wand.
The bolt of light hits you!
Sigmund is nearby!
Sigmund casts a spell at you. The puff of flame hits you!
Sigmund drinks a potion.
Sigmund's spells are empowered!
You see here a worm corpse.
Found a viscous green potion.
Sigmund casts a spell at you. You resist with almost no effort.
Found a stone staircase leading down.
Sigmund points at you and mumbles some strange words.
The puff of flame hits you!
Sigmund zaps a wand.
The bolt of light hits you!!
Ouch! That really hurt!
You die...

# #.#
#####....~≈♣♣♣≈.≈ #
#.# #....#.≈≈≈≈≈.≈ #
#.# #..###.~~.~~.~ ~
#.######.@###.≈≈≈≈≈.≈
#
#......#..##.~≈♣♣♣≈~≈*
# ######.......~≈♣ .≈
###..##..≈♣♣♣≈~≈ *
#..###.≈≈≈≈≈~≈ *
#@.##.~.~~..~~ , ,, *
#.....~≈≈≈≈≈!≈ ,
#)###.~≈♣♣♣≈.≈ , #.#
#..≈♣ *≈~≈ * ...
##.≈♣* ~ ≈ * * ....
#~≈≈≈ .>... #~~~~.
....... ~≈≈≈≈≈ ,*
#....., ≈♣♣♣≈


You could see Sigmund.

Vanquished Creatures
  An adder (D:4)
  A gnoll (D:1)
  A worm (D:2)
  A ball python (D:2)
  3 bats
  An endoplasm (D:1)
  9 goblins
  5 hobgoblins
  A kobold (D:1)
  A rat (D:1)
24 creatures vanquished.

Notes
Turn   | Place    | Note
-------+----------+-------------------------------------------
     0 | D:5      | jt the Meteoran Delver began the quest for the Orb.
     0 | D:5      | Reached XP level 1. HP: 19/19 MP: 2/2
    55 | D:5      | Found Gycuraf's Jewellery Boutique.
    77 | D:4      | Reached skill level 3 in Axes
    77 | D:4      | Reached XP level 2. HP: 23/26 MP: 3/3
    87 | D:3      | Noticed Terence
    88 | D:3      | Noticed Robin
   116 | D:3      | Reached XP level 3. HP: 16/31 MP: 4/4
   124 | D:3      | Noticed Natasha
   179 | D:3      | Reached skill level 4 in Axes
   492 | D:1      | Reached XP level 4. HP: 30/38 MP: 5/5
   688 | D:2      | Reached skill level 1 in Shields
   749 | D:2      | Noticed Sigmund
   793 | D:2      | Killed from afar by Sigmund

Illustrated notes

Levels and vault maps discovered:
D:1:      psy_arrival_heroes, layout_loops_corners
D:2:      layout_loops_ring, kennysheep_boxes, uniq_sigmund
D:3:      layout_basic, uniq_grinder, uniq_terence, uniq_natasha, uniq_robin
D:4:      layout_loops_corners, serial_park_tiny_2,
          ebering_dispersal_statue_hall
D:5:      layout_layer_cave, serial_shops, shop

Skill      XL: |  1  2  3  4 |
---------------+-------------+-----
Axes           | 3 4 |  4.5
Shields        | 1 |  1.0
Fighting       | |  3.2
Dodging        | |  2.4
Stealth        | |  3.7

Action                   |  1- 3 |  4- 6 || total
-------------------------+-------+-------++-------
Melee: Hand axe          |    57 |    17 ||    74
 Fire: Sling             |     3 |       ||     3
Throw: Stone             |     3 |       ||     3
  Use: Potion            |     2 |       ||     2
       Scroll            |     3 |       ||     3
Armor: Leather armour    |    14 |       ||    14
       Scale mail        |     3 |     4 ||     7
Dodge: Dodged            |    29 |     2 ||    31
Block: Kite shield       |     2 |     4 ||     6
